 Dungeon Crawl Stone Soup version 0.27.1-1-g398f81649c (webtiles) character file.

Game seed: 16760223842672091031

101 funkygono the Firebug (level 4, -4/24 HPs)
             Began as a Gargoyle Fire Elementalist on Sept 18, 2021.
             Killed from afar by Ijyb (10 damage)
             ... with an iceblast
             ... on level 3 of the Dungeon.
             The game lasted 00:05:39 (3324 turns).

funkygono the Firebug (Gargoyle Fire Elementalist)  Turns: 3324, Time: 00:05:40

Health: -4/24      AC:  5    Str: 11    XL:     4   Next: 75%
Magic:  0/8        EV: 12    Int: 17    God:
Gold:   69         SH:  0    Dex: 10    Spells: 1/9 levels left

rFire    + . .     SeeInvis .   g - +1 whip
rCold    . . .     Faith    .   (no shield)
rNeg     + . .     Spirit   .   a - +0 robe
rPois    ∞         Reflect  .   (no helmet)
rElec    +         Harm     .   (no cloak)
rCorr    +         Rampage  .   (no gloves)
Will     .....                  (no boots)
Stlth    ++........             (no amulet)
HPRegen  0.08/turn              k - ring of protection from fire
MPRegen  0.11/turn              l - ring of resist corrosion

@: no status effects
A: sickness immunity, AC +3, negative energy resistance 1, electricity
resistance, torment resistance 1, petrification resistance
a: no special abilities


You were on level 3 of the Dungeon.
You visited 1 branch of the dungeon, and saw 3 of its levels.

You collected 69 gold pieces.

Inventory:

Hand Weapons
 g - a +1 whip (weapon)
Missiles
 m - 4 stones
Armour
 a - a +0 robe (worn)
 b - a +0 buckler
 e - a +3 leather armour
Jewellery
 f - a ring of ice
 k - a ring of protection from fire (left hand)
 l - a ring of resist corrosion (right hand)
Wands
 n - a wand of polymorph (8)
 o - a wand of iceblast (7)
Scrolls
 j - a scroll of vulnerability
 p - a scroll of magic mapping {unknown}
Potions
 c - a potion of resistance {unknown}
 d - 3 potions of heal wounds {unknown}
 h - a potion of lignification {unknown}
 i - a potion of haste {unknown}


   Skills:
 + Level 0.3 Fighting
 + Level 1.6 Dodging
 - Level 2.1 Stealth
 * Level 3.0 Spellcasting
 * Level 2.8 Conjurations
 * Level 3.8 Fire Magic


You had one spell level left.
You knew the following spells:

 Your Spells              Type           Power      Damage    Failure   Level
a - Foxfire               Conj/Fire      52%        2x1d6     4%          1
b - Conjure Flame         Conj/Fire      13%        6-21      13%         3
c - Sticky Flame          Conj/Fire      13%        2d4       41%         4

Your spell library contained the following spells:

 Spells                   Type           Power      Damage    Failure   Level
 Inner Flame              Hex/Fire       9%         N/A       24%         3
 Fireball                 Conj/Fire      6%         3d5       77%         5


Dungeon Overview and Level Annotations

Branches:
Dungeon (3/15)

Altars:

Annotations:
D:3 Ijyb


Innate Abilities, Weirdness & Mutations

You are immune to sickness and miasma.
Your stone body is resilient. (AC +3)
You are immune to poison.
You resist negative energy. (rN+)
You are resistant to electric shocks. (rElec)
You are resistant to unholy torment.
You are immune to petrification.


Message History

Casting: Foxfire (safe; 4% risk of failure)
Confirm with . or Enter, or press ? or * to list all spells.
You conjure some foxfire!
The foxfire hits Ijyb but does no damage.
Ijyb is moderately wounded.
The foxfire hits Ijyb but does no damage.
Ijyb is moderately wounded.
Ijyb misses you.
Casting: Foxfire (safe; 4% risk of failure)
Confirm with . or Enter, or press ? or * to list all spells.
You miscast Foxfire.
You are very lightly contaminated with residual magic.
Nothing appears to happen.
The foxfire hits Ijyb.
Ijyb is moderately wounded.
The foxfire hits Ijyb but does no damage.
Ijyb is moderately wounded.
Ijyb hits you but does no damage.
Casting: Foxfire (safe; 4% risk of failure)
Confirm with . or Enter, or press ? or * to list all spells.
You conjure some foxfire!
The bat closely misses you.
Ijyb hits you with a +2 dagger of freezing.
Ijyb freezes you.
Unknown command.
Casting: Foxfire (safe; 4% risk of failure)
Confirm with . or Enter, or press ? or * to list all spells.
You don't have enough magic to cast this spell.
You barely miss Ijyb.
Ijyb is moderately wounded.
The foxfire hits the bat.
You kill the bat!
The foxfire hits Ijyb but does no damage.
Ijyb is moderately wounded.
Ijyb hits you with a +2 dagger of freezing.
Ijyb freezes you.
Unknown command.
Ijyb zaps a wand.
The mass of ice explodes!
The iceblast engulfs you!
* * * LOW HITPOINT WARNING * * *
Your magical contamination has completely faded away.
Ijyb zaps a wand.
The mass of ice explodes!
The iceblast engulfs you!
You die...

####.#...#
####.....#
#........#
#.###.#..#####
# #...........
#.##.#.####.
#. #...#..# #
##.....# #
#.@#.## #.
##.# ..
#####.####.#
##
.........g.#
......†.####
........#
........#
.....>..# # #.
........#


You could see Ijyb.

Vanquished Creatures
  Natasha (D:3)
  An adder (D:2)
  A worm (D:2)
  4 ball pythons
  4 bats
  3 endoplasms
  4 giant cockroaches
  3 goblins
  7 hobgoblins
  9 jackals
  7 kobolds
  4 quokkas
  4 rats
52 creatures vanquished.

Vanquished Creatures (others)
  167 foxfires
167 creatures vanquished.

Grand Total: 219 creatures vanquished

Notes
Turn   | Place    | Note
-------+----------+-------------------------------------------
     0 | D:1      | funkygono the Gargoyle Fire Elementalist began the quest
                  | for the Orb.
     0 | D:1      | Reached XP level 1. HP: 10/10 MP: 3/3
   358 | D:1      | Reached XP level 2. HP: 15/15 MP: 0/5
  1220 | D:1      | Reached XP level 3. HP: 16/19 MP: 0/6
  1617 | D:1      | Learned a level 3 spell: Conjure Flame
  2328 | D:2      | Reached XP level 4. HP: 24/24 MP: 3/8
  2333 | D:2      | Learned a level 4 spell: Sticky Flame
  3033 | D:3      | Noticed Natasha
  3039 | D:3      | Killed Natasha
  3041 | D:3      | Noticed Ijyb
  3324 | D:3      | Killed from afar by Ijyb

Illustrated notes

Levels and vault maps discovered:
D:1:      erik_arrival_triangle_medium, layout_basic,
          chequers_serial_rivers_micro_b
D:2:      layout_basic
D:3:      gammafunk_steamed_eel, layout_basic, mainiacjoe_overflow_alcove_2,
          ebering_ghost_sewer_f, minmay_surrounded, uniq_ijyb, uniq_natasha,
          uniq_jessica

Skill      XL: |  1  2  3  4 |
---------------+-------------+-----
Conjurations   | 2 |  2.8
Spellcasting   | 3 |  3.0
Fighting       | |  0.3
Dodging        | |  1.6
Stealth        | |  2.1
Fire Magic     | |  3.8

Action                   |  1- 3 |  4- 6 || total
-------------------------+-------+-------++-------
Melee: Whip              |    11 |     6 ||    17
       Club              |     2 |       ||     2
 Cast: Foxfire           |    71 |    32 ||   103
  Use: Scroll            |     1 |     2 ||     3
Armor: Robe              |    14 |     5 ||    19
Dodge: Dodged            |    26 |    13 ||    39
